 Dungeon Crawl Stone Soup version 0.20.0-4-g10b340a (webtiles) character file.

54 Manul the Chiller (level 3, 0/21 HPs)
             Began as an Octopode Ice Elementalist on May 28, 2017.
             Slain by a gnoll
             ... wielding a +0 spear
              (8 damage)
             ... on level 2 of the Dungeon.
             The game lasted 00:02:56 (1860 turns).

Manul the Chiller (Octopode Ice Elementalist)       Turns: 1860, Time: 00:02:57

Health: 0/21       AC:  1    Str:  7    XL:     3   Next: 91%
Magic:  4/6        EV: 13    Int: 18    God:
Gold:   28         SH:  0    Dex: 12    Spells: 0/6 levels left

rFire    . . .     SeeInvis .   c - +0 dagger
rCold    . . .     Gourm    .   (no shield)
rNeg     . . .     Faith    .   (helmet restricted)
rPois    .         Spirit   .   (no amulet)
rElec    .         Reflect  .   d - ring of wizardry
rCorr    .         Harm     .   (no ring)
MR       .....                  (no ring)
Stlth    +++.......             (no ring)
Regen    0.1/turn               (no ring)
MPRegen  0.1/turn               (no ring)
                                (no ring)
                                (no ring)

@: no status effects
A: almost no armour, stealthy swim, amphibious, 8 rings, constrict 8, camouflage
1, gelatinous body 1
a: no special abilities


You were on level 2 of the Dungeon.
You were not hungry.

You visited 1 branch of the dungeon, and saw 2 of its levels.

You collected 28 gold pieces.

Inventory:

Hand Weapons
 c - a +0 dagger (weapon)
Jewellery
 d - a ring of wizardry (left tentacle)
 g - an uncursed amulet of regeneration {unknown}
 l - a +4 ring of protection {unknown}
Scrolls
 e - 2 scrolls of enchant armour {unknown}
 h - a scroll of identify {unknown}
 k - a scroll of enchant weapon {unknown}
Books
 a - a book of Frost

   Spells                             Type                      Level
   a - Freeze                         Ice                          1
   b - Throw Frost                    Conjuration/Ice              2
   c - Ozocubu's Armour               Charms/Ice                   3
   d - Throw Icicle                   Conjuration/Ice              4
   e - Summon Ice Beast               Ice/Summoning                4
Comestibles
 b - 2 bread rations
 i - a meat ration
 j - a royal jelly


   Skills:
 + Level 2.0 Dodging
 + Level 3.5 Stealth
 + Level 2.4 Spellcasting
 + Level 1.0 Conjurations
 + Level 0.2 Charms
 + Level 3.9 Ice Magic


You couldn't memorise any spells.
You knew the following spells:

 Your Spells              Type           Power        Failure   Level  Hunger
a - Freeze                Ice            ###.         1%          1    #......
b - Throw Frost           Conj/Ice       ##....       4%          2    ##.....
c - Ozocubu's Armour      Chrm/Ice       #.......     9%          3    ###....


Dungeon Overview and Level Annotations

Branches:
Dungeon (2/15)

Altars:


Innate Abilities, Weirdness & Mutations

You cannot wear most types of armour.
You are very stealthy in the water. (Stealth+)
You are amphibious.
You can wear up to eight rings at the same time.
You can use your tentacles to constrict eight enemies at once.
Your skin changes colour to match your surroundings (Stealth+).
Your rubbery body absorbs attacks. (AC +1, EV +1)


Message History

The gnoll hits you but does no damage.
You hit the gnoll. You grab the gnoll. You squeeze the gnoll.
The gnoll is almost dead.
You constrict the gnoll. The gnoll hits you with a spear.
A leopard gecko comes into view.
You hit the gnoll but do no damage.
The gnoll is almost dead.
You constrict the gnoll, but do no damage.
The gnoll hits you with a spear.
You are too injured to fight recklessly!
You are too injured to fight recklessly!
You hit the gnoll but do no damage.
The gnoll is almost dead.
You constrict the gnoll, but do no damage.
The gnoll closely misses you.
You hit the gnoll but do no damage.
The gnoll is almost dead.
You constrict the gnoll, but do no damage.
The gnoll hits you with a spear!
You die...

.# .#.####.##### # ..
........# #### ###. #.
#.......# #...
....#.##..#.#..# #...
#.l#.......#..## #.##
#........#...... #.##
#..g.........# #.##
###.@.....#.## #..#
###.......# #...
#...##### ##.# #...# #.#
#..%# #.# #...# #.#
#######...####### #.#
###.....$.........## ##.#
...................###...


You could see a gnoll and a leopard gecko.

Vanquished Creatures
  2 gnolls
  2 dart slugs
  A leopard gecko (D:1)
  A giant cockroach (D:1)
  2 goblins (D:1)
  5 hobgoblins
  4 jackals (D:1)
  3 kobolds (D:1)
  A quokka (D:2)
  2 ball pythons (D:1)
  2 bats
  5 rats
30 creatures vanquished.

Notes
Turn   | Place    | Note
-------+----------+-------------------------------------------
     0 | D:1      | Manul the Octopode Ice Elementalist began the quest for the Orb.
     0 | D:1      | Reached XP level 1. HP: 11/11 MP: 3/3
   225 | D:1      | Reached XP level 2. HP: 17/17 MP: 0/5
   901 | D:1      | Reached XP level 3. HP: 18/21 MP: 4/6
   905 | D:1      | Learned a level 2 spell: Throw Frost
   909 | D:1      | Learned a level 3 spell: Ozocubu's Armour
  1860 | D:2      | Slain by a gnoll

Skill      XL: |  1 |
---------------+----+-----
Stealth        | 3 |  3.5
Dodging        | |  2.0
Spellcasting   | |  2.4
Conjurations   | |  1.0
Charms         | |  0.2
Ice Magic      | |  3.9

Action                   || total
-------------------------++-------
Melee: Dagger            ||    51
       Tentacles         ||    14
       Constrict         ||    11
 Cast: Freeze            ||    24
       Throw Frost       ||     7
       Ozocubu's Armour  ||     3
  Use: Potion            ||     1
 Stab: Sleeping          ||     2
       Distracted        ||     1
  Eat: Chunk             ||     4
Armor: Skin              ||     8
Dodge: Dodged            ||    69
